 Dungeon Crawl Stone Soup version 0.27.1-33-g824d729ab1 (webtiles) character file.

Game seed: 2863455669236993046

877 zeram the Blocker (level 8, -7/52 HPs)
             Began as an Octopode Fighter on Dec 25, 2021.
             Mangled by a yak (14 damage)
             ... on level 4 of the Dungeon.
             The game lasted 00:06:47 (6202 turns).

zeram the Blocker (Octopode Fighter)                Turns: 6202, Time: 00:06:48

Health: -7/52      AC:  1    Str: 13 (16) XL:     8   Next: 4%
Magic:  17/17      EV: 12    Int:  9 (11) God:
Gold:   186        SH:  0    Dex: 12      Spells: 7/7 levels left

rFire    . . .     SeeInvis .   j - +1 dagger (holy)
rCold    + . .     Faith    .   b - +2 kite shield
rNeg     . . .     Spirit   .   (helmet restricted)
rPois    .         Reflect  .   k - amulet of the acrobat
rElec    .         Harm     .   d - ring of magical power
rCorr    .         Rampage  .   e - ring of protection from cold
Will     .....                  (no ring)
Stlth    ++........             (no ring)
HPRegen  0.17/turn              (no ring)
MPRegen  0.15/turn              (no ring)
                                (no ring)
                                (no ring)

@: confused, mighty, ambrosia-drunk
A: almost no armour, amphibious, 8 rings, camouflage 1, gelatinous body 1,
(nimble swimmer 1), tentacles
a: no special abilities


You were on level 4 of the Dungeon.
You visited 1 branch of the dungeon, and saw 5 of its levels.

You collected 186 gold pieces.

Inventory:

Hand Weapons
 a - a +1 rapier of flaming
 j - a +1 dagger of holy wrath (weapon)
Armour
 b - a +2 kite shield (worn)
Jewellery
 d - a ring of magical power (left tentacle)
 e - a ring of protection from cold (right tentacle)
 k - an amulet of the acrobat (around mantle)
Wands
 f - a wand of mindburst (4)
Scrolls
 h - a scroll of fog
 i - 3 scrolls of identify


   Skills:
 - Level 3.0 Fighting
 - Level 2.0 Short Blades
 - Level 3.0 Dodging
 + Level 9.3 Shields
 - Level 1.1 Evocations


You had 7 spell levels left.
You didn't know any spells.
Your spell library was empty.

Dungeon Overview and Level Annotations

Branches:
Dungeon (5/15)
 Temple: D:4-7

Altars:
The Shining One

Shops:
D:3 [


Innate Abilities, Weirdness & Mutations

You cannot wear most types of armour.
You are amphibious.
You can wear up to eight rings at the same time.
Your skin changes colour to match your surroundings (Stealth+).
Your rubbery body absorbs attacks. (AC +1, EV +1)
((You are camouflaged near water. (Stealth+)))
You have tentacles for arms and can constrict up to eight enemies at once.


Message History

You constrict the hound. The hound barely misses you.
You hit the hound but do no damage.
The hound is moderately wounded.
You constrict the hound. The hound barely misses you. The hound bites you.
You hit the hound but do no damage.
The hound is moderately wounded.
You constrict the hound. You block the hound's attack.
You hit the hound but do no damage. You squeeze the hound!
You kill the hound!
Found 17 gold pieces.
You hit the yak but do no damage. The yak closely misses you.
You hit the yak but do no damage. Your squeeze misses the yak.
The yak barely misses you.
You hit the yak but do no damage. You block the yak's attack.
You hit the yak but do no damage. The yak gores you!
You closely miss the yak. You squeeze the yak.
The yak is lightly wounded.
The yak gores you!
There is a stone staircase leading up here.
You block the yak's attack.
You climb upwards.
There is a stone staircase leading down here.
You feel very mighty all of a sudden. You block the yak's attack.
You hit the yak.
The yak is lightly wounded.
The yak barely misses you.
You puncture the yak!
The yak is moderately wounded.
You block the yak's attack.
You puncture the yak!
The yak is heavily wounded.
The yak gores you!
You completely miss the yak.
The yak is heavily wounded.
The yak gores you!
* * * LOW HITPOINT WARNING * * *
You are confused.
You feel invigorated. The yak gores you!
You die...

.....##.##'#..##.......[......#
####.##[......##.####'##......#
## #.##........#.# #.##......# .#
#.##......#.#.# #.##......# .#
#.##......#.#.# #.##...>..### .#
#.##......#.#.# ##'##.........
.###.##......#...###.............
.'...##.................####+#...
.######.........@.......# #.#...
.### #..........Y..#'#### #.#...
...# #.............#....# #.#...
...# #.............#....###.#...
...# #.............#........+...
...# ##......########........#...
...# #.........#.............#...
...# #..######.#.####........###.
...# #..# #.#.#...........# #.


You could see a yak.

Vanquished Creatures
  Menkaure (D:5)
  A water moccasin (D:4)
  A black bear (D:5)
  A phantom (D:4)
  A gnoll sergeant (D:4)
  2 scorpions
  A hound (D:5)
  A bullfrog skeleton (D:4)
  Ijyb (D:3)
  An orc wizard (D:4)
  2 hound skeletons
  2 adders (D:4)
  8 gnolls
  An adder skeleton (D:2)
  2 dart slugs
  4 orcs
  8 bats
  3 endoplasms
  2 giant cockroaches
  6 goblins
  6 hobgoblins
  9 jackals
  A kobold (D:1)
  2 quokkas
  4 ball pythons
  2 ball python zombies (D:2)
  4 frilled lizards
  A jackal skeleton (D:2)
  7 rats
85 creatures vanquished.

Notes
Turn   | Place    | Note
-------+----------+-------------------------------------------
     0 | D:1      | zeram the Octopode Fighter began the quest for the Orb.
     0 | D:1      | Reached XP level 1. HP: 16/16 MP: 1/1
   144 | D:1      | Reached XP level 2. HP: 16/21 MP: 2/2
   814 | D:2      | Reached skill level 4 in Shields
   829 | D:2      | Reached XP level 3. HP: 19/26 MP: 3/3
  1908 | D:3      | Reached XP level 4. HP: 24/31 MP: 4/4
  1915 | D:3      | Reached skill level 5 in Shields
  2191 | D:3      | Noticed a scorpion
  2197 | D:3      | Killed a scorpion
  2198 | D:3      | Reached XP level 5. HP: 19/36 MP: 5/5
  2407 | D:3      | Noticed Ijyb
  2415 | D:3      | Killed Ijyb
  2416 | D:3      | Reached skill level 6 in Shields
  2695 | D:3      | Found Xolist's Antique Armour Shop.
  2830 | D:3      | Found a glowing golden altar of the Shining One.
  3060 | D:4      | Noticed a water moccasin
  3072 | D:4      | Killed a water moccasin
  3073 | D:4      | Reached XP level 6. HP: 14/42 MP: 6/6
  3381 | D:4      | Reached skill level 7 in Shields
  3398 | D:4      | HP: 2/42 [poisoned by a gnoll sergeant]
  3477 | D:4      | HP: 2/42 [gnoll sergeant (12)]
  3805 | D:4      | Reached XP level 7. HP: 24/46 MP: 7/7
  4562 | D:4      | HP: 2/46 [phantom (7)]
  5015 | D:4      | Reached skill level 8 in Shields
  5015 | D:4      | Reached skill level 1 in Evocations
  5174 | D:4      | Identified the +2 ring mail of Tomu {Str-4 Int+3}
  5316 | D:5      | Entered Level 5 of the Dungeon
  5389 | D:5      | Noticed Menkaure
  5689 | D:5      | Killed Menkaure
  5931 | D:5      | Reached skill level 9 in Shields
  6007 | D:5      | Reached XP level 8. HP: 34/52 MP: 8/8
  6114 | D:5      | Noticed a yak
  6115 | D:5      | Noticed a yak
  6115 | D:5      | Noticed a yak
  6116 | D:5      | Noticed a yak
  6117 | D:5      | Noticed a yak
  6117 | D:5      | Noticed a yak
  6202 | D:4      | Mangled by a yak

Illustrated notes

Levels and vault maps discovered:
D:1:      dpeg_arrival_tiny_j, layout_basic
D:2:      layout_loops_cross, serial_undead, serial_undead_a, serial_undead_a,
          serial_undead_b, serial_undead_b
D:3:      layout_basic, mainiacjoe_overflow_brackets, serial_shops,
          nicolae_shop_competitors_out_of_business,
          chequers_serial_rivers_small_b, minmay_misc_feat_roman,
          hex_intersection, uniq_ijyb
D:4:      layout_basic
D:5:      layout_rooms, worldfamousw_hep_ancestral_shrine, serial_glass,
          glass_columns_b, glass_columns_a, glass_columns_a, glass_columns_a,
          glass_columns_b, glass_columns_b, glass_columns_a, glass_columns_b,
          uniq_menkaure

Skill      XL: |  1  2  3  4  5  6  7 |
---------------+----------------------+-----
Shields        | 4 5 6 7 9 |  9.3
Evocations     | 1 |  1.1
Fighting       | |  3.0
Short Blades   | |  2.0
Dodging        | |  3.0

Action                   |  1- 3 |  4- 6 |  7- 9 || total
-------------------------+-------+-------+-------++-------
Melee: Rapier            |    75 |    51 |    19 ||   145
       Tentacles         |    11 |     7 |    15 ||    33
       Constrict         |    18 |    12 |    14 ||    44
       Dagger            |       |       |    68 ||    68
Evoke: Wand              |       |     8 |       ||     8
  Use: Scroll            |     7 |     4 |     2 ||    13
       Potion            |       |     3 |     4 ||     7
 Stab: Sleeping          |    11 |    12 |     1 ||    24
Armor: Skin              |     6 |     3 |     4 ||    13
Dodge: Dodged            |    22 |    18 |    23 ||    63
Block: Kite shield       |    29 |    15 |    47 ||    91
